 Dungeon Crawl Stone Soup version 0.29-a0-384-g6960b1960d (webtiles) character file.

Game seed: 3408542162947313894

18 gimp the Changer (level 2, 0/23 HPs)
             Began as a Formicid Wanderer on May 7, 2022.
             Slain by an adder (3 damage)
             ... on level 1 of the Dungeon.
             The game lasted 00:01:56 (1338 turns).

gimp the Changer (Formicid Wanderer)                Turns: 1338, Time: 00:01:56

Health: 0/23       AC:  5    Str: 17    XL:     2   Next: 85%
Magic:  3/3        EV: 10    Int: 12    God:
Gold:   63         SH:  0    Dex:  8    Spells: 3/3 levels left

rFire   . . .      SeeInvis +   b - +0 mace
rCold   . . .      Faith    .   (no shield)
rNeg    . . .      Spirit   .   l - +0 ring mail
rPois   .          Reflect  .   (helmet unavailable)
rElec   .          Harm     .   (no cloak)
rCorr   .          Rampage  .   (no gloves)
Will    .....                   (no boots)
Stlth   ..........              (no amulet)
HPRegen 0.07/turn               (no ring)
MPRegen 0.08/turn               (no ring)

@: invisible
A: permanent stasis, dig shafts and tunnels, antennae 3, four strong arms
a: Dig, Shaft Self


You were on level 1 of the Dungeon.
You visited 1 branch of the dungeon, and saw 2 of its levels.

You collected 63 gold pieces.

Inventory:

Hand Weapons
 a - a +0 short sword
 b - a +0 mace (weapon)
Armour
 l - a +0 ring mail (worn)
Wands
 d - a wand of flame (5) (quivered)
Scrolls
 e - a scroll of identify {unknown}
 f - 2 scrolls of enchant armour {unknown}
 g - 4 scrolls of fear
 j - a scroll of torment {unknown}
 k - a scroll of fog {unknown}
Potions
 h - a potion of curing {unknown}
 i - a potion of invisibility


   Skills:
 + Level 2.4 Fighting
 - Level 1.1 Armour
 - Level 1.0 Dodging
 - Level 1.1 Spellcasting
 - Level 2.0 Necromancy
 - Level 3.2 Transmutations
 - Level 2.1 Evocations


You had 3 spell levels left.
You didn't know any spells.
Your spell library contained the following spells:

 Spells                   Type           Power      Damage    Failure   Level
 Animate Skeleton         Necr           10%        N/A       24%         1
 Sting                    Tmut/Pois      16%        1d3       28%         1
 Passwall                 Tmut/Erth      3%         N/A       38%         2
 Slow                     Hex            0%         N/A       50%         1
 Vampiric Draining        Necr           5%         2d6       58%         3
 Ignite Poison            Fire/Tmut/Pois 3%         N/A       71%         3
 Mephitic Cloud           Conj/Pois/Air  0%         N/A       86%         3
 Ice Form                 Ice/Tmut       4%         N/A       95%         4
 Anguish                  Hex/Necr       1%         N/A       98%         4
 Freezing Cloud           Conj/Ice/Air   0%         6-21      100%        5


Dungeon Overview and Level Annotations

Branches:
Dungeon (2/15)

Altars:
Xom


Innate Abilities, Weirdness & Mutations

You cannot be hasted, slowed, berserked, paralysed or teleported.
You can dig through walls and to a lower floor.
You have a pair of large antennae on your head. (SInv)
Your four strong arms can wield two-handed weapons with a shield.


Message History

There is a stone staircase leading up here.
The endoplasm freezes you.
You are frozen.
You climb upwards.
There is a stone staircase leading down here.
You take 2 damage, and have 21/23 hp.
You sock the endoplasm!
You kill the endoplasm!
No target in view!
No target in view!
You start resting.
HP restored.
Health restored: 23 You climb downwards.
The adder misses you.
The kobold hits you with a +0 short sword.
The worm closely misses you. The adder bites you.
The kobold hits you with a +0 short sword.
There is a stone staircase leading up here.
You take 9 damage, and have 14/23 hp.
MASSIVE DAMAGE!!
The adder bites you. The worm closely misses you. The kobold barely misses you.
You climb upwards.
There is a stone staircase leading down here.
You take 4 damage, and have 10/23 hp.
The adder bites you.
You take 1 damage, and have 9/23 hp.
The adder bites you but does no damage.
The kobold hits you with a +0 short sword.
* * * LOW HITPOINT WARNING * * *
You take 4 damage, and have 5/23 hp.
The kobold attacks as you move away!
The kobold hits you with a +0 short sword.
* * * LOW HITPOINT WARNING * * *
You take 2 damage, and have 3/23 hp.
The adder attacks as you move away! The adder closely misses you.
The adder barely misses you.
You see here 4 stones.
It was a potion of invisibility.
You fade into invisibility!
The adder bites you.
You die...

# #...........# #
#...........# ## ########
#...........# .# #_.....#
#.........### .###......#
#.........# ..##......####
#.........# #.##.........#
#.........#
#.##.#######.#####.........#
...'##≈≈≈≈≈##...@SK.w..>.(.#
##.##≈≈≈≈≈≈≈#######....)..##
#.##≈≈≈≈≈≈≈#.............#
#..'..._≈≈≈#...........(.#
#..#≈≈≈≈≈≈≈#)............#
##.#≈≈≈≈≈≈≈#......#####|##
###.##≈≈≈≈≈###.##### #.#
.(#..#######......# #.#
..##..# #.#......# #.#


You could see a worm (can't see you), an adder (can't see you) and a kobold
(can't see you).

Vanquished Creatures
  A dart slug (D:1)
  2 endoplasms (D:1)
  A giant cockroach (D:1)
  A hobgoblin (D:1)
  A quokka (D:1)
  3 ball pythons (D:1)
  3 bats (D:1)
  2 kobolds (D:1)
  3 rats (D:1)
17 creatures vanquished.

Notes
Turn   | Place    | Note
-------+----------+-------------------------------------------
     0 | D:1      | gimp the Formicid Wanderer began the quest for the Orb.
     0 | D:1      | gimp set off with the following items: a +0 club, a scroll
                  | of fear, a +0 leather armour, a wand of flame (5); and the
                  | following spells available to memorise: Animate Skeleton,
                  | Sting, Passwall, Vampiric Draining, Ice Form
     0 | D:1      | Reached XP level 1. HP: 13/13 MP: 2/2
    67 | D:1      | Reached skill level 1 in Fighting
   275 | D:1      | Found a faded altar of an unknown god.
   499 | D:1      | Reached XP level 2. HP: 4/21 MP: 3/3
  1052 | D:1      | Got the Tome of Bewitching Intoxication
  1200 | D:1      | Found a shimmering altar of Xom.
  1338 | D:1      | Slain by an adder

Illustrated notes

Levels and vault maps discovered:
D:1:      wander_arrival_chamber, layout_basic, basic_ecumenical_altar,
          minmay_misc_feat_hallway, kennysheep_flooded_box, minmay_tetromino_l2
D:2:      layout_rooms

Skill      XL: |  1  2 |
---------------+-------+-----
Fighting       | 1 2 |  2.4
Armour         | |  1.1
Dodging        | |  1.0
Spellcasting   | |  1.1
Necromancy     | |  2.0
Transmutations | |  3.2
Evocations     | |  2.1

Action                   || total
-------------------------++-------
Melee: Short sword       ||    60
       Club              ||    16
       Mace              ||     3
  Use: Potion            ||     1
Armor: Leather armour    ||    19
       Ring mail         ||     8
Dodge: Dodged            ||    53

Table legend: (Time is in decaauts)
 A = Elapsed time spent in this place.
 B = Non-inter-level travel time spent in this place.
 C = Inter-level travel time spent in this place.
 D = Time resting spent in this place.
 E = Time spent auto-exploring this place.
 F = Levels seen in this place.
 G = Mean time per level.
                   A        B        C        D        E       F      G
               +--------+--------+--------+--------+--------+-----+--------+
         Total |   1351 |   1337 |     14 |     37 |   1057 |   2 |  675.5 |
       Dungeon |   1351 |   1337 |     14 |     37 |   1057 |   2 |  675.5 |
               +--------+--------+--------+--------+--------+-----+--------+

Top non-repeatable levels by time:
     D:1: 1335 daAuts
     D:2: 15 daAuts
